AoeStats
← Lagarto

Arabia

510389602Analyzed
1v1 RM · 10h ago on Sep 30, 2026· 27m 7s· 2 players
Game mode
Random Map
Map size
Tiny (2 player)
Population
200
Speed
Normal
Resources
Standard
Victory
Conquest
Starting age
Dark Age
Ending age
Imperial Age
RankedLock teamsTeams togetherTeam positionsShared explorationLock speedFull tech treeHidden civsTurbo modeCheats
Victory
Defeat
🇺🇸 Franks · United States
490
+18
🇪🇸 Huns · Spain
529
-18
Skibidi Chungus
5:57 Loom
10:42 Feudal Age
21:00 Wheelbarrow
23:44 Castle Age
24:55 Scale Barding Armor
25:43 Forging
Lagarto
12:19 Feudal Age
12:42 Horse Collar
13:38 Wheelbarrow
12:49 Town Watch
12:54 Double-Bit Axe
24:48 Castle Age
26:58 Husbandry
Connection lost

Rejoining the realm…

Still unreachable

The connection could not be restored.

Session expired

The server has moved on; the page needs a fresh start.